 Dungeon Crawl Stone Soup version 0.29-a0-839-g4793fd635e (webtiles) character file.

Game seed: 9794413289189134653

1378 Malachi the Skirmisher (level 8, -6/56 HPs)
             Began as a Demonspawn Hunter on July 14, 2022.
             Was an Initiate of Cheibriados.
             Engulfed by a steam dragon's steam (7 damage)
             ... on level 6 of the Dungeon.
             The game lasted 00:06:15 (5798 turns).

Malachi the Skirmisher (Demonspawn Hunter)          Turns: 5798, Time: 00:06:16

Health: -6/56      AC:  5    Str: 13    XL:     8   Next: 39%
Magic:  8/8        EV: 16    Int: 12    God:    Cheibriados [......]
Gold:   313        SH:  0    Dex: 25    Spells: 7/7 levels left

rFire   . . .      SeeInvis .   y - +3 sling (vorpal)
rCold   . . .      Faith    .   (no shield)
rNeg    . . .      Spirit   .   c - +0 leather armour
rPois   .          Reflect  .   (no helmet)
rElec   .          Harm     .   (no cloak)
rCorr   .          Rampage  .   (no gloves)
Will    .....                   (no boots)
Stlth   ++........              (no amulet)
HPRegen 0.18/turn               e - +4 ring of evasion
MPRegen 0.11/turn               x - +6 ring of dexterity

@: brilliant, very slow
A: hooves 1, molten scales 1, powered by death 2, condensation shield
a: Renounce Religion


You were on level 6 of the Dungeon.
You worshipped Cheibriados.
Cheibriados was noncommittal.
You visited 2 branches of the dungeon, and saw 7 of its levels.

You collected 313 gold pieces.

Inventory:

Hand Weapons
 a - a +0 shortbow
 y - a +3 vorpal sling (weapon)
Missiles
 o - 2 curare-tipped darts
 p - 18 poisoned darts
Armour
 c - a +0 leather armour (worn)
Jewellery
 e - a +4 ring of evasion (left hand)
 x - a +6 ring of dexterity (right hand)
Scrolls
 b - 3 scrolls of immolation
 d - a scroll of enchant armour
 f - a scroll of blinking
 g - 3 scrolls of enchant weapon
 k - 2 scrolls of teleportation
 q - a scroll of amnesia
 r - a scroll of torment
 s - 3 scrolls of fog
 A - a scroll of noise {unknown}
 B - 2 scrolls of brand weapon {unknown}
 C - 3 scrolls of identify
Potions
 h - a potion of magic {unknown}
 i - 2 potions of brilliance
 j - a potion of attraction {unknown}
 l - a potion of flight {unknown}
 m - a potion of degeneration {unknown}
 n - 2 potions of ambrosia {unknown}
 t - a potion of mutation {unknown}
 u - a potion of haste {unknown}
 v - 2 potions of curing {unknown}
 w - 2 potions of berserk rage {unknown}
 z - a potion of invisibility {unknown}


   Skills:
 - Level 2.0 Fighting
 * Level 10.1 Ranged Weapons
 - Level 0.1 Armour
 - Level 1.7 Dodging
 - Level 0.8 Stealth
 + Level 0.5 Shields


You had 7 spell levels left.
You didn't know any spells.
Your spell library contained the following spells:

 Spells                   Type           Power      Damage    Failure   Level
 Magic Dart               Conj           0%         1d3       38%         1
 Sandblast                Erth           0%         2d4       38%         1
 Passwall                 Tmut/Erth      0%         N/A       54%         2
 Searing Ray              Conj           0%         2d4       54%         2
 Sublimation of Blood     Necr           0%         N/A       54%         2
 Wereblood                Tmut           0%         N/A       54%         2
 Stone Arrow              Conj/Erth      0%         3d7       77%         3
 Fulminant Prism          Conj/Hex       0%         3d6       99%         4
 Summon Hydra             Summ           0%         N/A       100%        7


Dungeon Overview and Level Annotations

Branches:
Dungeon (6/15)             Temple (1/1) D:5

Altars:
Ashenzari
Cheibriados
Fedhas
Gozag
Hepliaklqana
Makhleb
Nemelex Xobeh
Okawaru
Sif Muna
Trog
Uskayaw
Wu Jian
Xom
Yredelemnul

Shops:
D:3 (


Innate Abilities, Weirdness & Mutations

You have large cloven feet.
You are partially covered in molten scales. (AC +2)
You regenerate health from kills.
A meltable shield of frost defends you. (SH +0)


Message History

You shoot a sling bullet. The sling bullet hits the orc!
You kill the orc!
Cheibriados appreciates the change of pace.
You shoot a sling bullet.
The sling bullet hits the steam dragon but does no damage.
The steam dragon is heavily wounded.
The steam dragon breathes steam at you. The ball of steam hits you!
Your condensation shield dissipates!
No target in view!
No target in view!
No target in view!
No target in view!
No target in view!
You are engulfed in a cloud of scalding steam.
The steam dragon breathes steam at you. The ball of steam hits you!
Fire: y) +3 sling (vorpal)
Press: ? - help, Q - select action, (/) - cycle Shift-Dir - straight line, f/p - steam dragon
Aim: a steam dragon (heavily wounded, catching its breath, 71% to hit)
You shoot a sling bullet.
The sling bullet closely misses the steam dragon.
You are engulfed in a cloud of scalding steam.
* * * LOW HITPOINT WARNING * * *
The steam dragon bites you.
* * * LOW HITPOINT WARNING * * *
The steam dragon claws you.
* * * LOW HITPOINT WARNING * * *
Fire: y) +3 sling (vorpal)
Press: ? - help, Q - select action, (/) - cycle Shift-Dir - straight line, f/p - steam dragon
Aim: a steam dragon (heavily wounded, 71% to hit)
You shoot a sling bullet.
The sling bullet closely misses the steam dragon.
You are engulfed in a cloud of scalding steam.
* * * LOW HITPOINT WARNING * * *
The steam dragon misses you. x2
It was a potion of brilliance.
You feel clever all of a sudden.
You are engulfed in a cloud of scalding steam.
You die...

#####
########.#.############
.........#..ยงยงยงยง@D.)..#
########.#.##########.#
#.#.# #.#.# #.#.# #.#.#
########.#.#######
.(................
...#####.#.#########


You could see a steam dragon.

Vanquished Creatures
  A wyvern (D:4)
  A human (D:5)
  A water moccasin (D:5)
  2 ogres
  3 phantoms
  A necrophage (D:5)
  3 scorpions
  A human zombie (D:5)
  A hound (D:5)
  3 orc priests
  An iguana (D:4)
  An orc wizard (D:5)
  8 adders
  2 ufetubi
  6 worms
  A dart slug (D:3)
  10 orcs
  3 ball pythons
  8 endoplasms
  4 giant cockroaches
  10 goblins
  7 hobgoblins
  4 jackals (D:1)
  4 quokkas
  6 bats
  5 frilled lizards
  A jackal zombie (D:5)
  8 kobolds
  3 rats
109 creatures vanquished.

Notes
Turn   | Place    | Note
-------+----------+-------------------------------------------
     0 | D:1      | Malachi the Demonspawn Hunter began the quest for the Orb.
     0 | D:1      | Reached XP level 1. HP: 16/16 MP: 1/1
    60 | D:1      | Reached skill level 4 in Ranged Weapons
    74 | D:1      | Gained mutation: You have large cloven feet. [demonic
                  | ancestry]
    74 | D:1      | Reached XP level 2. HP: 22/22 MP: 2/2
   461 | D:1      | Found a faded altar of an unknown god.
   541 | D:1      | Gained mutation: You regenerate a little health from kills.
                  | [demonic ancestry]
   541 | D:1      | Reached XP level 3. HP: 25/27 MP: 3/3
  1524 | D:2      | Reached skill level 5 in Ranged Weapons
  1572 | D:2      | Gained mutation: You are partially covered in molten
                  | scales. (AC +2) [demonic ancestry]
  1572 | D:2      | Reached XP level 4. HP: 33/33 MP: 4/4
  2324 | D:3      | HP: 1/33 [worm (10)]
  2724 | D:3      | Found Tik Enoc's Antique Weapon Emporium.
  2974 | D:3      | Found a bloodstained altar of Trog.
  3130 | D:4      | Reached XP level 5. HP: 27/38 MP: 5/5
  3175 | D:4      | Reached skill level 6 in Ranged Weapons
  3286 | D:4      | Noticed an ogre
  3303 | D:4      | Killed an ogre
  3304 | D:4      | Gained mutation: A meltable shield of frost defends you.
                  | (SH +0) [demonic ancestry]
  3304 | D:4      | Reached XP level 6. HP: 24/44 MP: 6/6
  3419 | D:4      | Noticed a wyvern
  3428 | D:4      | Killed a wyvern
  3429 | D:4      | Reached skill level 7 in Ranged Weapons
  3802 | D:4      | Found a burning altar of Makhleb.
  4115 | D:5      | Entered Level 5 of the Dungeon
  4181 | D:5      | Reached XP level 7. HP: 50/50 MP: 7/7
  4300 | D:5      | Reached skill level 8 in Ranged Weapons
  4309 | D:5      | Noticed a human
  4310 | D:5      | Found a runed translucent door.
  4328 | D:5      | Found a basalt altar of Yredelemnul.
  4346 | D:5      | Killed a human
  4584 | D:5      | Reached skill level 9 in Ranged Weapons
  4862 | D:5      | Found a staircase to the Ecumenical Temple.
  4947 | D:5      | Gained mutation: You regenerate health from kills. [demonic
                  | ancestry]
  4947 | D:5      | Reached XP level 8. HP: 49/56 MP: 8/8
  5191 | Temple   | Entered the Ecumenical Temple
  5383 | Temple   | Became a worshipper of Cheibriados the Contemplative
  5570 | D:6      | Reached skill level 10 in Ranged Weapons
  5797 | D:6      | HP: 1/56 [steam dragon] (8)]
  5798 | D:6      | Engulfed by a steam dragon's steam

Illustrated notes

Levels and vault maps discovered:
D:1:      wander_arrival_lonely_grave, layout_rooms,
          shapermc_ecumenical_altar_flowoftime, minmay_misc_feat_enclosed,
          chequers_serial_rivers_micro_b, roderic_roman_lattice,
          minmay_split_cup_small
D:2:      layout_basic
D:3:      minmay_skewed_foursquare, layout_loops_ring, trog_book,
          nicolae_overflow_hidden_temple, serial_shops, shop,
          minmay_diced_spiral
D:4:      layout_loops_ring, bloody_makhleb
D:5:      layout_basic, dk_yredelemnul_ordeal, temple_statues
D:6:      layout_basic, chequers_temple_overflow_statue_of_worship
Temple:   nicolae_temple_slightly_damp_pantheon

Skill      XL: |  1  2  3  4  5  6  7  8 |
---------------+-------------------------+-----
Ranged Weapons | 4 5 6 7 9 10 | 10.1
Fighting       | |  2.0
Armour         | |  0.1
Dodging        | |  1.7
Stealth        | |  0.8
Shields        | |  0.5

Action                   |  1- 3 |  4- 6 |  7- 9 || total
-------------------------+-------+-------+-------++-------
 Fire: Shortbow          |   103 |   137 |       ||   240
       Sling             |       |    19 |   115 ||   134
  Use: Scroll            |       |     7 |       ||     7
       Potion            |       |       |     1 ||     1
Armor: Leather armour    |     8 |     9 |     4 ||    21
Dodge: Dodged            |    50 |    51 |    25 ||   126
Block: Other             |       |     7 |     5 ||    12

Table legend: (Time is in decaauts)
 A = Elapsed time spent in this place.
 B = Non-inter-level travel time spent in this place.
 C = Inter-level travel time spent in this place.
 D = Time resting spent in this place.
 E = Time spent auto-exploring this place.
 F = Levels seen in this place.
 G = Mean time per level.
                   A        B        C        D        E       F      G
               +--------+--------+--------+--------+--------+-----+--------+
         Total |   5944 |   5624 |    320 |    283 |   4626 |   7 |  849.1 |
       Dungeon |   5727 |   5454 |    273 |    283 |   4470 |   6 |  954.5 |
        Temple |    217 |    170 |     47 |      0 |    156 |   1 |  217.0 |
               +--------+--------+--------+--------+--------+-----+--------+

Top non-repeatable levels by time:
     D:3: 1325 daAuts
     D:5: 1098 daAuts
     D:4: 1017 daAuts
     D:1: 980 daAuts
     D:2: 860 daAuts
     D:6: 444 daAuts
  Temple: 217 daAuts
